 Dungeon Crawl Stone Soup version 0.22.0-25-g7663229 (webtiles) character file.

245 Lauz the Slasher (level 5, -8/47 HPs)
             Began as a Minotaur Berserker on Aug 20, 2018.
             Was a Priest of Trog.
             Mangled by an ogre
             ... wielding a +0 giant club
              (18 damage)
             ... on level 4 of the Dungeon.
             The game lasted 00:06:58 (2908 turns).

Lauz the Slasher (Minotaur Berserker)               Turns: 2908, Time: 00:06:59

Health: -8/47      AC:  5    Str: 23    XL:     5   Next: 83%
Magic:  4/4        EV: 11    Int:  4    God:    Trog [***...]
Gold:   105        SH:  0    Dex:  9    Spells: 4/4 levels left

rFire    . . .     SeeInvis .   a - +0 falchion
rCold    . . .     Gourm    .   (no shield)
rNeg     . . .     Faith    .   q - +0 ring mail
rPois    .         Spirit   .   (helmet restricted)
rElec    .         Reflect  .   (no cloak)
rCorr    .         Harm     .   (no gloves)
MR       .....                  (no boots)
Stlth    +.........             (no amulet)
HPRegen  0.15/turn              (no ring)
MPRegen  0.09/turn              (no ring)

@: lethally poisoned (-8 -> -9), berserk cooldown, slowed, very slow
A: retaliatory headbutt, horns 2
a: Berserk, Trog's Hand, Renounce Religion


You were on level 4 of the Dungeon.
You worshipped Trog.
Trog was most pleased with you.
You were very hungry.

You visited 1 branch of the dungeon, and saw 4 of its levels.

You collected 105 gold pieces.

Inventory:

Hand Weapons
 a - a +0 falchion (weapon)
Armour
 b - a +0 animal skin
 d - a +0 leather armour
 q - a +0 ring mail (worn)
Wands
 s - a wand of paralysis (11)
Scrolls
 f - 2 scrolls of random uselessness {unknown}
 i - a scroll of amnesia {unknown}
 j - 2 scrolls of remove curse {unknown}
 m - 2 scrolls of blinking {unknown}
 o - 2 scrolls of identify {unknown}
 p - a scroll of teleportation {unknown}
Potions
 e - 3 potions of curing {unknown}
 g - a potion of heal wounds {unknown}
 h - a potion of ambrosia {unknown}
 k - a potion of flight {unknown}
 l - 2 potions of agility {unknown}
 n - 2 potions of might {unknown}
Comestibles
 c - 5 rations


   Skills:
 + Level 4.4 Fighting
 * Level 7.0 Long Blades
 + Level 3.3 Armour
 - Level 2.1 Dodging
 + Level 0.6 Stealth


You had 4 spell levels left.
You didn't know any spells.
Your spell library was empty.

Dungeon Overview and Level Annotations

Branches:
Dungeon (4/15)
 Temple: D:4-7

Altars:
Okawaru
Xom
Yredelemnul


Innate Abilities, Weirdness & Mutations

You reflexively headbutt those who attack you in melee.
You have a pair of horns on your head.


Message History

You feel yourself slow down.
Found 22 stones.
You feel sick.
You feel sick.
You feel sick.
n - 2 cyan potions (gained 1)
You feel sick.
You feel sick.
Okay, then.
You feel sick.
An ogre comes into view. It is wielding a giant club.
You feel sick.
You feel sick.
You feel sick.
You feel sick.
You feel sick. The ogre misses you.
There is a stone staircase leading up here.
You feel sick. The ogre hits you with a giant club!!
You die...

##### ....
#############...
....#.........#####
...........#......#
.......@..........#
.......O..........##.
.....................
...................##
.....................
.....................
.....................
....#..............#
..#.#.##.......#....


You could see an ogre.

Vanquished Creatures
  An iguana (D:2)
  2 worker ants (D:4)
  3 gnolls (D:3)
  4 adders
  3 oozes
  A dart slug (D:1)
  3 worms
  2 leopard geckos (D:3)
  7 orcs (D:3)
  3 ball pythons
  9 bats
  5 giant cockroaches
  7 goblins
  4 hobgoblins (D:1)
  4 jackals (D:2)
  A quokka (D:2)
  3 frilled lizards
  7 kobolds
  5 rats
74 creatures vanquished.

Notes
Turn   | Place    | Note
-------+----------+-------------------------------------------
     0 | D:1      | Lauz the Minotaur Berserker began the quest for the Orb.
     0 | D:1      | Reached XP level 1. HP: 19/19 MP: 0/0
   155 | D:1      | Reached skill level 4 in Long Blades
   224 | D:1      | Reached XP level 2. HP: 19/27 MP: 1/1
   586 | D:1      | Reached XP level 3. HP: 31/33 MP: 2/2
   647 | D:1      | Reached ** piety under Trog
   982 | D:2      | Found a shimmering altar of Xom.
  1064 | D:2      | Reached skill level 5 in Long Blades
  1165 | D:2      | Found a basalt altar of Yredelemnul.
  1296 | D:2      | Reached XP level 4. HP: 40/40 MP: 3/3
  1815 | D:3      | Found an iron altar of Okawaru.
  1819 | D:3      | Reached skill level 6 in Long Blades
  1826 | D:3      | Reached XP level 5. HP: 25/46 MP: 4/4
  2873 | D:4      | Reached *** piety under Trog
  2889 | D:4      | Reached skill level 7 in Long Blades
  2899 | D:4      | Noticed an ogre
  2908 | D:4      | Mangled by an ogre

Skill      XL: |  1  2  3  4  5 |
---------------+----------------+-----
Long Blades    | 4 5 6 7 |  7.0
Fighting       | 4 |  4.4
Armour         | 3 |  3.3
Dodging        | |  2.1
Stealth        | |  0.6

Action                   |  1- 3 |  4- 6 || total
-------------------------+-------+-------++-------
Melee: Falchion          |    74 |    73 ||   147
       Headbutt          |    16 |    14 ||    30
Invok: Berserk           |       |     1 ||     1
  Eat: Chunk             |     1 |     5 ||     6
Armor: Leather armour    |    16 |    14 ||    30
       Animal skin       |     1 |       ||     1
       Ring mail         |       |     4 ||     4
Dodge: Dodged            |    65 |    58 ||   123
       Rpst.: Falchion   |    13 |    18 ||    31
